 Dungeon Crawl Stone Soup version 0.29.1-15-g9cfb28693d (webtiles) character file.

Game seed: 771754465189826254

64 Malstabilo the Chopper (level 3, -1/31 HPs)
             Began as a Minotaur Gladiator on Mar 17, 2023.
             Slain by a gnoll
             ... wielding a +0 spear
              (3 damage)
             ... on level 2 of the Dungeon on Mar 22, 2023.
             The game lasted 00:10:41 (2432 turns).

Malstabilo the Chopper (Minotaur Gladiator)         Turns: 2432, Time: 00:10:42

Health: -1/31      AC:  5    Str: 20    XL:     3   Next: 91%
Magic:  2/2        EV: 11    Int:  5    God:
Gold:   105        SH:  0    Dex: 11    Spells: 2/2 levels left

rFire   . . .      SeeInvis .   a - +0 war axe
rCold   . . .      Faith    .   (no shield)
rNeg    . . .      Spirit   .   i - +0 ring mail
rPois   .          Reflect  .   c - +0 hat
rElec   .          Harm     .   (no cloak)
rCorr   .          Rampage  .   (no gloves)
Will    .....                   (no boots)
Stlth   +.........              (no amulet)
HPRegen 0.10/turn               (no ring)
MPRegen 0.08/turn               (no ring)

@: mighty
A: horns 2, retaliatory headbutt
a: no special abilities


You were on level 2 of the Dungeon.
You visited 1 branch of the dungeon, and saw 2 of its levels.

You collected 105 gold pieces.

Inventory:

Hand Weapons
 a - a +0 war axe (weapon)
 k - a +0 dagger
 l - a +0 short sword
 m - a +0 dagger
 n - a +0 halberd
 o - a +0 short sword
 q - a +0 dagger
 t - a +0 hand axe
 u - a +0 dagger
 v - a +0 club
 w - a +0 trident
Missiles
 d - 3 throwing nets (quivered)
 e - a javelin
Armour
 b - a +0 leather armour
 c - a +0 hat (worn)
 i - a +0 ring mail (worn)
Magical Staves
 r - a staff of fire
Scrolls
 j - a scroll of magic mapping
 p - a scroll of silence {unknown}
 s - a scroll of butterflies
 x - a scroll of teleportation {unknown}
Potions
 f - a potion of haste {unknown}


   Skills:
 + Level 3.0 Fighting
 + Level 4.8 Axes
 + Level 2.0 Throwing
 + Level 1.6 Armour
 + Level 3.6 Dodging
 + Level 0.2 Stealth


You had 2 spell levels left.
You didn't know any spells.
Your spell library was empty.

Dungeon Overview and Level Annotations

Branches:
Dungeon (2/15)

Altars:


Innate Abilities, Weirdness & Mutations

You have a pair of horns on your head.
You reflexively headbutt those who attack you in melee.


Message History

Things that are here:
a +0 dagger; a +0 robe; an orc corpse The orc misses you.
The gnoll shouts!
A frilled lizard comes into view.
The orc hits you with a +0 trident.
A quokka comes into view.
The frilled lizard hisses angrily.
You slash the orc!
You kill the orc!
The gnoll throws a throwing net.
The throwing net hits you.
You become entangled in the net!
You struggle against the net.
A bat comes into view.
An orc comes into view.
It is wielding a +0 short sword and quivering poisoned darts.
You struggle against the net.
You struggle against the net.
The bat hits you but does no damage.
You rip the net and break free!
The bat hits you but does no damage.
The gnoll hits you from afar with a +0 spear.
You miss the bat.
The bat barely misses you. x2; The gnoll barely misses you.
The bat barely misses you. You furiously retaliate!
You headbutt the bat.
You kill the bat!
The gnoll hits you from afar with a +0 spear!
The gnoll hits you from afar with a +0 spear.
* * * LOW HITPOINT WARNING * * *
It was a potion of might.
You feel very mighty all of a sudden.
The gnoll hits you from afar with a +0 spear.
* * * LOW HITPOINT WARNING * * *
As you read the scroll labelled FIUWUR LUACO, it crumbles to dust.
It is a scroll of identify.
j - a scroll of magic mapping The gnoll barely misses you.
As you read the scroll of identify, it crumbles to dust.
s - a scroll of butterflies The gnoll hits you from afar with a +0 spear.
* * * LOW HITPOINT WARNING * * *
Found 4 gold pieces.
The gnoll hits you from afar with a +0 spear.
You die...

.# #.#..o. .# #.#.#)####
.# ###.#.#l##.# .#
###.....)....# .#
#.........##.# . .#
#.#######r##l#####.#
.###+#'#######...g......#
.#..........##..........#
.#........).'...@.......#
.#..........####>.......#
##..........# #.........
######.###### #...#.....
........ #...#.....
...###.. ....#.....
......#.# ....# ....
...##.#+#######....# .$.
...##..........


You could see a gnoll, a quokka and a frilled lizard.

Vanquished Creatures
  An orc wizard (D:2)
  An orc (D:2)
  3 ball pythons
  6 endoplasms
  A hobgoblin (D:1)
  5 kobolds
  4 quokkas (D:1)
  3 bats
  A frilled lizard (D:1)
  6 goblins (D:1)
  3 rats (D:1)
34 creatures vanquished.

Notes
Turn   | Place    | Note
-------+----------+-------------------------------------------
     0 | D:1      | Malstabilo the Minotaur Gladiator began the quest for the
                  | Orb.
     0 | D:1      | Reached XP level 1. HP: 18/18 MP: 0/0
   235 | D:1      | Reached skill level 4 in Axes
   241 | D:1      | Reached XP level 2. HP: 8/25 MP: 1/1
   266 | D:1      | Reached skill level 1 in Armour
   705 | D:1      | You fall into a shaft and drop 1 floor!
  1211 | D:1      | Reached XP level 3. HP: 30/30 MP: 2/2
  2432 | D:2      | Slain by a gnoll

Illustrated notes

Levels and vault maps discovered:
D:1:      evilmike_arrival_crescent, layout_basic, serial_rivers,
          chequers_serial_rivers_small_b, chequers_serial_rivers_room_b,
          chequers_serial_rivers_marsh, chequers_serial_rivers_small_b,
          chequers_serial_rivers_room_a, chequers_serial_rivers_large_a,
          minmay_tetromino_i4
D:2:      layout_basic, shapermc_ecumenical_altar_acropolis,
          hangedman_abyss_or_decor_lesser_grid

Skill      XL: |  1  2  3 |
---------------+----------+-----
Axes           | 4 |  4.8
Armour         | 1 |  1.6
Fighting       | 3 |  3.0
Throwing       | |  2.0
Dodging        | |  3.6
Stealth        | |  0.2

Action                   || total
-------------------------++-------
Melee: War axe           ||    50
       Headbutt          ||     7
  Use: Scroll            ||     2
       Potion            ||     1
Armor: Ring mail         ||    24
       Leather armour    ||     1
Dodge: Dodged            ||    29
